 Dungeon Crawl Stone Soup version 0.31.0-11-ge490571c62 (console) character file.

Game seed: 14523422863162527310

1186 AlterAsc the Cleaver (level 8, 0/58 HPs)
             Began as a Formicid Fighter on Feb 10, 2024.
             Slain by a killer bee (4 damage)
             ... on level 8 of the Dungeon.
             The game lasted 00:08:25 (4771 turns).

AlterAsc the Cleaver (Formicid Fighter)             Turns: 4771, Time: 00:08:25

Health: 0/58       AC:  8    Str: 22    XL:     8   Next: 70%
Magic:  8/8        EV:  9    Int:  9    God:
Gold:   257        SH:  5    Dex: 13    Spells: 7/7 levels left

rFire   + . .        a - +0 war axe
rCold   + . .        c - +0 buckler
rNeg    . . .        b - +0 scale mail
rPois   +            (helmet unavailable)
rElec   +            (no cloak)
rCorr   +            u - +0 pair of gloves
SInv    +            (no boots)
Will    .....        (no amulet) Stlth
                     (no ring)
HPRegen 0.29/turn    (no ring)
MPRegen 0.11/turn

%: no passive effects
@: mighty, lethally poisoned (0 -> -8), resistant
A: permanent stasis, dig shafts and tunnels, antennae 3, four strong arms
a: Dig, Shaft Self


You were on level 8 of the Dungeon.
You visited 1 branch of the dungeon, and saw 7 of its levels.

You collected 257 gold pieces.

Inventory:

Hand Weapons
 a - a +0 war axe (weapon)
Missiles
 m - 6 poisoned darts
Armour
 b - a +0 scale mail (worn)
 c - a +0 buckler (worn)
 u - a +0 pair of gloves (worn)
Talismans
 p - a granite talisman
Wands
 f - a wand of flame (13)
 g - a wand of roots (7)
Scrolls
 h - 4 scrolls of noise
 i - a scroll of vulnerability {unknown}
 j - a scroll of fog {unknown}
 k - a scroll of enchant weapon {unknown}
 l - 3 scrolls of amnesia {unknown}
 n - 2 scrolls of teleportation {unknown}
 s - a scroll of enchant armour {unknown}
 w - a scroll of immolation {unknown}
Potions
 e - a potion of attraction
 q - a potion of ambrosia
 t - a potion of enlightenment {unknown}
 v - a potion of cancellation {unknown}
 x - a potion of lignification {unknown}


   Skills:
 - Level 3.2 Fighting
 + Level 10.0 Axes
 - Level 3.2 Armour
 - Level 4.0 Shields


You had 7 spell levels left.
You didn't know any spells.
Your spell library contained the following spells:

 Spells                   Type           Power      Damage    Failure   Level
 Call Canine Familiar     Summ           0%         N/A       98%         3
 Gell's Gravitas          Tloc           0%         N/A       98%         3
 Sigil of Binding         Hex            0%         N/A       98%         3
 Teleport Other           Tloc           0%         N/A       98%         3
 Dimensional Bullseye     Hex/Tloc       0%         N/A       100%        4
 Dispersal                Tloc           0%         N/A       100%        6


Dungeon Overview and Level Annotations

Branches:
Dungeon (6/15)
 Temple: D:4-7

Altars:

Annotations:
D:2 1 runed translucent door, Crazy Yiuf
D:3 1 runed translucent door, Peloso's ghost, amateur MiFi
D:5 3 runed translucent doors, topfpfpflanze's ghost, novice OpCj


Innate Abilities, Weirdness & Mutations

You cannot be hasted, slowed, berserked, paralysed or teleported.
You can dig through walls and to a lower floor.
You have a pair of large antennae on your head. (SInv)
Your four strong arms can wield two-handed weapons with a shield.


Message History

The killer bee stings you.
You are poisoned.
The killer bee poisons you! The killer bee stings you.
You are more poisoned.
The killer bee poisons you!
You miss the killer bee.
The killer bee is moderately wounded.
You feel very sick. The killer bee closely misses you.
The killer bee stings you.
* * * LOW HITPOINT WARNING * * *
You slice the killer bee!!
You kill the killer bee!
* * * LOW HITPOINT WARNING * * *
You feel very sick.
The killer bee stings you but does no damage.
You feel much better.
You feel sick. The killer bee stings you. x2
You hit the killer bee.
The killer bee is lightly wounded.
You feel sick. The killer bee stings you.
* * * LOW HITPOINT WARNING * * *
The killer bee closely misses you.
You barely miss the killer bee.
The killer bee is lightly wounded.
You feel sick. The killer bee barely misses you.
The killer bee stings you but does no damage.
You slash the killer bee!
You kill the killer bee!
You feel sick. The killer bee stings you.
* * * LOW HITPOINT WARNING * * *
Your Axes skill increases to level 10!
You barely miss the killer bee.
You feel sick. The killer bee closely misses you.
The killer bee barely misses you.
You closely miss the killer bee.
You feel sick. You block the killer bee's attack. The killer bee stings you.
* * * LOW HITPOINT WARNING * * *
You are lethally poisoned!
The killer bee poisons you!
You closely miss the killer bee.
* * * LOW HITPOINT WARNING * * *
You feel very sick. The killer bee stings you.
You die...

##########
#.........
#.#######.
###########.######
.......y@.........#
#.###############.#
,,


You could see a killer bee.

Vanquished Creatures
  Grinder (D:4)
  Sigmund (D:2)
  2 ogres (D:5)
  5 killer bees (D:8)
  3 hounds
  2 bombardier beetles (D:5)
  A jelly (D:5)
  3 iguanas
  13 adders
  2 ufetubi (D:6)
  A dart slug (D:3)
  2 ribbon worms (D:3)
  4 orcs
  3 bats
  9 endoplasms
  A giant cockroach (D:4)
  5 goblins
  6 hobgoblins
  6 kobolds
  A quokka (D:5)
  7 ball pythons
  A frilled lizard (D:2)
  5 rats
84 creatures vanquished.

Notes
Turn   | Place    | Note
-------+----------+-------------------------------------------
     0 | D:1      | AlterAsc the Formicid Fighter began the quest for the Orb.
     0 | D:1      | Reached XP level 1. HP: 18/18 MP: 1/1
   118 | D:1      | Reached XP level 2. HP: 24/24 MP: 2/2
   144 | D:1      | Reached skill level 3 in Axes
   432 | D:2      | Reached XP level 3. HP: 28/29 MP: 3/3
   509 | D:2      | Reached skill level 4 in Axes
   509 | D:2      | Reached XP level 4. HP: 25/35 MP: 4/4
   782 | D:2      | Found a faded altar of an unknown god.
   825 | D:2      | Noticed Sigmund
   834 | D:2      | Killed Sigmund
   835 | D:2      | Reached skill level 6 in Axes
   835 | D:2      | Reached XP level 5. HP: 34/41 MP: 5/5
   835 | D:2      | Reached XP level 6. HP: 39/47 MP: 6/6
   912 | D:2      | Found a runed translucent door.
   913 | D:2      | Noticed Crazy Yiuf
  1678 | D:3      | Found a runed translucent door.
  1678 | D:3      | Noticed Peloso's ghost (amateur MiFi)
  2490 | D:4      | Noticed Grinder
  2775 | D:4      | Killed Grinder
  2776 | D:4      | Reached skill level 7 in Axes
  2776 | D:4      | Reached XP level 7. HP: 42/52 MP: 7/7
  3033 | D:4      | Reached skill level 8 in Axes
  3357 | D:5      | Entered Level 5 of the Dungeon
  3555 | D:5      | Reached XP level 8. HP: 51/58 MP: 8/8
  3619 | D:5      | Found a runed translucent gate.
  3619 | D:5      | Found a runed translucent gate.
  3619 | D:5      | Found a runed translucent gate.
  3624 | D:5      | Noticed topfpfpflanze's ghost (novice OpCj)
  3767 | D:5      | Reached skill level 9 in Axes
  4555 | D:6      | You fall into a shaft and drop 2 floors!
  4769 | D:8      | Reached skill level 10 in Axes
  4771 | D:8      | Slain by a killer bee

Illustrated notes

Levels and vault maps discovered:
D:1:      lemuel_arrival_funnel, layout_rooms
D:2:      layout_basic, chequers_ecumenical_altar_island, minmay_hexomino_p4,
          uniq_sigmund, uniq_crazy_yiuf_cottage
D:3:      layout_basic, gammafunk_ghost_grave, minmay_snake_closets
D:4:      layout_cave_pools, uniq_grinder
D:5:      layout_loops_ring, gammafunk_ghost_necromancy, hangedman_decor_lopped
D:6:      layout_basic, temple_hall
D:8:      layout_loops_ring, pdpol_wu_jian_five_deadly_venoms,
          david_lair_generic, gammafunk_ghost_stat_death, uniq_psyche

Skill      XL: |  1  2  3  4  5  6  7  8 |
---------------+-------------------------+-----
Axes           | 3 4 6 7 8 10 | 10.0
Fighting       | |  3.2
Armour         | |  3.2
Shields        | |  4.0

Action                     |  1- 3 |  4- 6 |  7- 9 || total
---------------------------+-------+-------+-------++-------
  Melee: War axe           |    34 |   175 |   140 ||   349
Ability: Shaft Self        |       |       |     1 ||     1
    Use: Potion            |       |     2 |     3 ||     5
         Scroll            |       |     4 |     3 ||     7
 Armour: Scale mail        |    22 |   129 |   124 ||   275
  Dodge: Dodged            |    12 |    59 |    81 ||   152
  Block: Buckler           |     7 |    36 |    35 ||    78
